 Dungeon Crawl Stone Soup version 0.30-a0-54-g2e61a25929 (webtiles) character file.

Game seed: 18242055230047096313

965 kae the Firebug (level 7, -15/50 HPs)
             Began as a Demigod Fire Elementalist on Sept 7, 2022.
             Killed from afar by a steam dragon (17 damage)
             ... with a ball of steam
             ... on level 6 of the Dungeon.
             The game lasted 00:04:53 (6532 turns).

kae the Firebug (Demigod Fire Elementalist)         Turns: 6532, Time: 00:04:53

Health: -15/50     AC:  2    Str:  9    XL:     7   Next: 61%
Magic:  8/15       EV: 16    Int: 25    God:
Gold:   327        SH:  0    Dex: 14    Spells: 4/13 levels left

rFire   . . .      SeeInvis .    (no weapon)
rCold   . . .      Faith    .    (no shield)
rNeg    . . .      Spirit   .    a - +0 robe
rPois   .          Reflect  .    (no helmet)
rElec   .          Harm     .    (no cloak)
rCorr   .          Rampage  .    (no gloves)
Will    .....                    (no boots)
Stlth   ++........               (no amulet)
HPRegen 0.16/turn                E - +4 ring of evasion
MPRegen 0.14/turn                (no ring)

@: no status effects
A: high MP 1, forlorn, divine attributes, claws 1, mutation resistance 1,
subdued magic 1
a: no special abilities


You were on level 6 of the Dungeon.
You visited 1 branch of the dungeon, and saw 6 of its levels.

You collected 327 gold pieces.


Innate Abilities, Weirdness & Mutations

You have an increased reservoir of magic. (+10% MP)
You shall have no god before yourself.
Your divine heritage dramatically boosts your attributes as you level up.
You have sharp fingernails.
You are somewhat resistant to further mutation.
Your spells are a little easier to cast, but a little less powerful.


   Skills:
 - Level 1.7 Dodging
 - Level 1.7 Stealth
 + Level 3.7 Spellcasting
 * Level 5.2 Conjurations
 * Level 5.9 Fire Magic


You had 4 spell levels left.
You knew the following spells:

 Your Spells              Type           Power      Damage    Failure   Level
a - Foxfire               Conj/Fire      100%       2x1d9     1%          1
b - Scorch                Fire           52%        2d7       1%          2
c - Conjure Flame         Conj/Fire      25%        6-21      1%          3
d - Inner Flame           Hex/Fire       15%        N/A       7%          3

Your spell library contained the following spells:

 Spells                   Type           Power      Damage    Failure   Level
 Flame Wave               Conj/Fire      25%        2d8       8%          4

Inventory:

Missiles
 c - 17 poisoned darts
 d - 36 stones
 e - 5 boomerangs
 p - 4 javelins
Armour
 a - a +0 robe (worn)
Jewellery
 E - a +4 ring of evasion (left claw)
   (You found it on level 3 of the Dungeon)
Wands
 g - a wand of roots (6)
   (You found it on level 2 of the Dungeon)
Scrolls
 h - a scroll of butterflies
 o - a scroll of magic mapping {!r}
Potions
 b - 3 potions of lignification {unknown}
 f - a potion of brilliance
 i - a potion of attraction {!q}
 j - 2 potions of curing {@q1}
 k - a potion of resistance
 l - a potion of haste {@q3}
 m - a potion of berserk rage {unknown}
 n - a potion of magic

Dungeon Overview and Level Annotations

Branches:
Dungeon (6/15) Zot: 26806  Temple (0/1) D:4

......).......#
..#####..?....#
..#...#D......#
..#.#☼#.......#
..#.#☼#.#####.#
..#.#☼#.### ..
#.#.#☼#§..# ...
#.#.#☼#§#.#....
..#.#☼#@..†....
..#☼#☼#..##....
..#☼#.#........
..#☼#.#.###....
..#☼#.#.....#..
....#☼#.#.......#
##.#..#☼#.#......##
######$.#..#☼#.#......#
#..........#$#.#.....##


There were no monsters in sight!


Message History

😎 MP[-1]
You lost 1 mp, and now have 13/15 mp.
Casting: Foxfire (safe; 1% risk of failure)
Confirm with . or Enter, or press ? or * to list all spells.
You conjure some foxfire! 😎 MP[-1]
You lost 1 mp, and now have 12/15 mp.
Okay, then.
Okay, then.
A kobold comes into view. It is wielding a +0 short sword.
You see here 9 gold pieces. 😎 MP[+3]
Your mp is fully restored (15).
A kobold is nearby!
A kobold is nearby!
A kobold is nearby!
You now have 327 gold pieces (gained 9).
There is a stone staircase leading up here.
A kobold is nearby!
A kobold is nearby!
Found a scroll of vulnerability.
Found a stone staircase leading down.
An iguana comes into view.
Casting: Foxfire (safe; 1% risk of failure)
Confirm with . or Enter, or press ? or * to list all spells.
You conjure some foxfire! 😎 MP[-1]
You lost 1 mp, and now have 14/15 mp.
Casting: Foxfire (safe; 1% risk of failure)
Confirm with . or Enter, or press ? or * to list all spells.
You conjure some foxfire!
The foxfire hits the iguana.
The iguana hisses angrily. 😎 MP[-1]
You lost 1 mp, and now have 13/15 mp.
Casting: Foxfire (safe; 1% risk of failure)
Confirm with . or Enter, or press ? or * to list all spells.
You conjure some foxfire!
The foxfire hits the iguana. x2
The foxfire hits the iguana but does no damage. x2 😎 MP[-1]
You lost 1 mp, and now have 12/15 mp.
Casting: Foxfire (safe; 1% risk of failure)
Confirm with . or Enter, or press ? or * to list all spells.
You conjure some foxfire!
The foxfire hits the iguana.
The foxfire hits the kobold.
Casting: Foxfire (safe; 1% risk of failure)
Confirm with . or Enter, or press ? or * to list all spells.
You conjure some foxfire!
A jelly comes into view.
The foxfire hits the kobold.
You kill the kobold!
The foxfire hits the iguana.
The iguana barely misses you. 😎 MP[-1]
You lost 1 mp, and now have 11/15 mp.
Casting: Foxfire (safe; 1% risk of failure)
Confirm with . or Enter, or press ? or * to list all spells.
You conjure some foxfire!
The iguana bites you.
The foxfire hits the iguana but does no damage.
The foxfire hits the iguana.
You kill the iguana! 😕 HP[-5] MP[-1]
You take 5 damage, and now have 45/50 hp.
You lost 1 mp, and now have 10/15 mp.
Casting: Foxfire (safe; 1% risk of failure)
Confirm with . or Enter, or press ? or * to list all spells.
You conjure some foxfire!
The jelly hits you. The acid corrodes you!
You are splashed with acid!
The foxfire hits the jelly. x2; The jelly misses you. 😮 HP[-9]
You take 9 damage, and now have 36/50 hp.
Casting: Foxfire (safe; 1% risk of failure)
Confirm with . or Enter, or press ? or * to list all spells.
Flames lash the jelly.
The jelly's fire resistance burns away.
You hear an angry hiss.
The jelly hits you.
You are splashed with acid.
The jelly closely misses you.
A steam dragon comes into view. 😮 HP[-7] MP[-2]
You take 7 damage, and now have 29/50 hp.
You lost 2 mp, and now have 8/15 mp.
Casting: Scorch (safe; 1% risk of failure)
Confirm with . or Enter, or press ? or * to list all spells.
You conjure some foxfire!
The jelly hits you.
You are splashed with acid!
* * * LOW HITPOINT WARNING * * *
The foxfire hits the jelly!
The jelly is burned terribly!
You kill the jelly! 😨 HP[-10] MP[-1]
You take 10 damage, and now have 19/50 hp.
You lost 1 mp, and now have 7/15 mp.
The foxfire hits the steam dragon but does no damage.
The steam dragon breathes steam at you. The ball of steam hits you!!
* * * LOW HITPOINT WARNING * * *
😱 HP[-18]
You take 18 damage, and now have 1/50 hp.
MASSIVE DAMAGE!! (PAUSE) 😱 MP[+1] 😱 HP[+1]
You are no longer corroded.
The steam dragon breathes steam at you. The ball of steam hits you!
You die...

Skill      XL: |  1  2  3  4  5  6  7 |
---------------+----------------------+-----
Conjurations   | 1 2 3 4 5 |  5.2
Fire Magic     | 3 4 5 |  5.9
Spellcasting   | 2 3 |  3.7
Dodging        | |  1.7
Stealth        | |  1.7

Action                   |  1- 3 |  4- 6 |  7- 9 || total
-------------------------+-------+-------+-------++-------
 Cast: Foxfire           |    91 |    73 |    13 ||   177
       Scorch            |     6 |    40 |     8 ||    54
       Conjure Flame     |       |     2 |     1 ||     3
  Use: Scroll            |     5 |     7 |       ||    12
       Potion            |       |     6 |       ||     6
Armor: Robe              |     3 |     8 |       ||    11
Dodge: Dodged            |    13 |    52 |     7 ||    72

Levels and vault maps discovered:
D:1:      dpeg_arrival_oval, layout_basic
D:2:      cheibrodos_helix_gallery, layout_basic,
          shapermc_ecumenical_altar_acropolis, basic_altar
D:3:      layout_loops_cross, nzn_wu_jian_council_hall,
          overflow_temple_1_default, portal_sewer_entry_e,
          nicolae_concentric_dashed_squares_mild
D:4:      layout_gridville, temple_pool_b
D:5:      layout_loops_ring, roderic_serpentine_path
D:6:      lemuel_ice_spiral_2, layout_rooms, nicolae_qazlal_general_emergency,
          tso_metal_star, grunt_ministairs_2, uniq_menkaure,
          uniq_crazy_yiuf_cottage, uniq_blork_the_orc

Notes
Turn   | Place    | Note
-------+----------+-------------------------------------------
     0 | D:1      | kae the Demigod Fire Elementalist began the quest for the
                  | Orb.
     0 | D:1      | Reached XP level 1. HP: 14/14 MP: 5/5
     0 | D:1      | magus.rc [v1.11.3]
    41 | D:1      | Reached skill level 1 in Conjurations
   391 | D:1      | Reached skill level 3 in Fire Magic
   391 | D:1      | Reached XP level 2. HP: 16/20 MP: 2/7
   504 | D:1      | Reached skill level 2 in Spellcasting
   506 | D:1      | Learned a level 2 spell: Scorch
  1164 | D:1      | Reached XP level 3. HP: 26/26 MP: 5/8
  1172 | D:1      | Learned a level 3 spell: Conjure Flame
  1569 | D:2      | Reached skill level 2 in Conjurations
  2517 | D:3      | Reached XP level 4. HP: 33/33 MP: 6/10
  2944 | D:3      | HP: 6/33 [orc/+0 mace (5)]
  2946 | D:3      | Gained mutation: You are somewhat resistant to further
                  | mutation. [potion of mutation]
  2946 | D:3      | Gained mutation: Your spells are a little easier to cast,
                  | but a little less powerful. [potion of mutation]
  2946 | D:3      | Gained mutation: You have sharp fingernails. [potion of
                  | mutation]
  2949 | D:3      | HP: 2/33 [orc/+0 dagger (3)]
  2955 | D:3      | Reached skill level 4 in Fire Magic
  2955 | D:3      | Reached XP level 5. HP: 25/38 MP: 5/11
  2958 | D:3      | HP: 3/38 [orc priest/divine providence (13)]
  2966 | D:3      | Reached skill level 3 in Conjurations
  2982 | D:3      | Learned a level 3 spell: Inner Flame
  3293 | D:3      | You fall into a shaft and drop 2 floors!
  3293 | D:5      | Entered Level 5 of the Dungeon
  3322 | D:5      | Noticed an ogre
  3471 | D:4      | Found a staircase to the Ecumenical Temple.
  4678 | D:5      | Noticed a black bear
  4860 | D:5      | Killed a black bear
  4861 | D:5      | Reached XP level 6. HP: 21/45 MP: 6/13
  5116 | D:5      | Reached skill level 3 in Spellcasting
  5116 | D:5      | Reached skill level 4 in Conjurations
  5308 | D:5      | Reached skill level 5 in Fire Magic
  5767 | D:5      | Identified the +9 sling of Lom Riet {flame, +Blink rPois
                  | Dex+2}
  5913 | D:5      | Reached XP level 7. HP: 44/50 MP: 7/15
  6339 | D:6      | Noticed a yak
  6339 | D:6      | Noticed a yak
  6339 | D:6      | Noticed a yak
  6339 | D:6      | Noticed a yak
  6339 | D:6      | Noticed a yak
  6339 | D:6      | Noticed a yak
  6346 | D:5      | Killed a yak
  6419 | D:5      | Reached skill level 5 in Conjurations
  6522 | D:6      | Noticed a steam dragon
  6525 | D:6      | HP: 1/50 [steam dragon/ball of steam (18)]
  6532 | D:6      | Killed from afar by a steam dragon

Vanquished Creatures
  A yak (D:5)
  An ice beast (D:5)
  A black bear (D:5)
  An ogre (D:5)
  A centaur (D:5)
  A scorpion (D:5)
  A hound (D:4)
  A jelly (D:6)
  2 orc priests (D:3)
  3 iguanas
  3 adders
  10 gnolls
  A white imp (D:5)
  A worm (D:3)
  3 dart slugs
  7 orcs
  8 bats
  4 endoplasms
  6 giant cockroaches
  10 goblins
  7 hobgoblins
  3 quokkas
  11 ball pythons
  A frilled lizard (D:1)
  8 kobolds
  4 rats
100 creatures vanquished.

Vanquished Creatures (others)
  292 foxfires
292 creatures vanquished.

Grand Total: 392 creatures vanquished

Table legend:
 A = Non-vault XP
 B = Vault XP
 C = Vault XP percentage of total XP
 D = Non-vault monster count
 E = Vault monster count
 F = Vault count percentage of total count
                 A         B        C        D         E       F
            +---------+---------+-------+---------+---------+-------
      Total |    1373 |       6 |   0.4 |      97 |       3 |   3.0
            +---------+---------+-------+---------+---------+-------
        D:1 |      49 |       0 |   0.0 |      29 |       0 |   0.0
        D:2 |      52 |       4 |   7.1 |      10 |       2 |  16.7
        D:3 |     192 |       0 |   0.0 |      32 |       0 |   0.0
        D:4 |      99 |       0 |   0.0 |       9 |       0 |   0.0
        D:5 |     890 |       0 |   0.0 |      14 |       0 |   0.0
        D:6 |      91 |       2 |   2.2 |       3 |       1 |  25.0
            +---------+---------+-------+---------+---------+-------

Illustrated notes

Table legend:
 A = Kills in this place as a percentage of kills in entire the game.
 B = Kills by you in this place as a percentage of kills by you in the entire game.
 C = Kills by friends in this place as a percentage of kills by friends in the entire game.
 D = Other kills in this place as a percentage of other kills in the entire game.
 E = Experience gained in this place as a percentage of experience gained in the entire game.
 F = Experience gained in this place divided by the number of levels of this place that you have seen.
                   A       B       C       D       E      F
               +-------+-------+-------+-------+-------+----------------------
         Total | 100.0 | 100.0 |   N/A |   N/A | 100.0 | 229.8
       Dungeon | 100.0 | 100.0 |   N/A |   N/A | 100.0 | 229.8
               +-------+-------+-------+-------+-------+----------------------

Table legend: (Time is in decaauts)
 A = Elapsed time spent in this place.
 B = Non-inter-level travel time spent in this place.
 C = Inter-level travel time spent in this place.
 D = Time resting spent in this place.
 E = Time spent auto-exploring this place.
 F = Levels seen in this place.
 G = Mean time per level.
                   A        B        C        D        E       F      G
               +--------+--------+--------+--------+--------+-----+--------+
         Total |   6535 |   6336 |    199 |    340 |   5165 |   6 | 1089.2 |
       Dungeon |   6535 |   6336 |    199 |    340 |   5165 |   6 | 1089.2 |
               +--------+--------+--------+--------+--------+-----+--------+

Top non-repeatable levels by time:
     D:5: 1801 daAuts
     D:1: 1414 daAuts
     D:3: 1373 daAuts
     D:4: 993 daAuts
     D:2: 885 daAuts
     D:6: 66 daAuts
